 Dungeon Crawl Stone Soup version 0.26-a0-690-gcb57259078 (webtiles) character file.

Game seed: 13443304071723340018

753 Gargoyl the Skirmisher (level 7, -1/90 HPs)
             Began as a Gnoll Abyssal Knight on Oct 24, 2020.
             Was a Priest of Lugonu.
             Succumbed to a worker ant's poison
             ... on level 5 of the Dungeon.
             The game lasted 00:05:15 (3382 turns).

Gargoyl the Skirmisher (Gnoll Abyssal Knight)       Turns: 3382, Time: 00:05:16

Health: -1/90      AC:  6    Str: 16    XL:     7   Next: 79%
Magic:  11/11      EV: 11    Int: 18    God:    Lugonu [***...]
Gold:   224        SH:  0    Dex: 14    Spells: 11/11 levels left

rFire    . . .     SeeInvis .   c - +6 scythe "Zosox" {speed, *Corrode +Rage Int+3}
rCold    . . .     Faith    .   (shield currently unavailable)
rNeg     . . .     Spirit   .   h - +0 scale mail
rPois    .         Reflect  .   d - +1 helmet
rElec    .         Harm     .   (no cloak)
rCorr    +         Rampage  .   (no gloves)
MR       .....                  (no boots)
Stlth    ..........             (no amulet)
HPRegen  0.25/turn              (no ring)
MPRegen  0.12/turn              o - ring of resist corrosion

@: berserking, lethally poisoned (-1 -> -34), stab, very quick
A: distributed training, fangs 1, deformed body, mutation resistance 1, strong
nose
a: Depart the Abyss, Bend Space, Banish, Renounce Religion, Evoke Berserk Rage


You were on level 5 of the Dungeon.
You worshipped Lugonu.
Lugonu was most pleased with you.
You visited 1 branch of the dungeon, and saw 5 of its levels.
You visited the Abyss 1 time.

You collected 224 gold pieces.

Inventory:

Hand Weapons
 a - a +1 hand axe
 b - a +0 glaive
 c - the +6 scythe "Zosox" (weapon) {speed, *Corrode +Rage Int+3}
   (You found it on level 2 of the Abyss)

   Attacks with this weapon are significantly faster.
   It affects your intelligence (+3).
   It lets you go berserk.
   It may corrode you when you take damage.
Armour
 d - a +1 helmet (worn)
 h - a +0 scale mail (worn)
Jewellery
 o - a ring of resist corrosion (right hand)
Scrolls
 e - 2 scrolls of magic mapping {unknown}
 g - a scroll of remove curse
 m - a scroll of fear {unknown}
 n - a scroll of identify
Potions
 f - a potion of heal wounds {unknown}
 i - 2 potions of flight {unknown}
 j - a potion of brilliance
 l - a potion of berserk rage


   Skills:
 + Level 7.1 Fighting
 + Level 2.7 Short Blades
 + Level 2.7 Long Blades
 + Level 5.3 Axes
 + Level 2.7 Maces & Flails
 + Level 2.7 Polearms
 + Level 2.7 Staves
 + Level 2.7 Slings
 + Level 2.7 Bows
 + Level 2.7 Crossbows
 + Level 2.7 Throwing
 + Level 5.3 Armour
 + Level 3.8 Dodging
 + Level 2.7 Stealth
 + Level 2.7 Shields
 + Level 2.7 Unarmed Combat
 + Level 2.7 Spellcasting
 + Level 2.2 Conjurations
 + Level 2.2 Hexes
 + Level 2.2 Summonings
 + Level 2.2 Necromancy
 + Level 2.2 Translocations
 + Level 2.2 Transmutations
 + Level 2.2 Fire Magic
 + Level 2.2 Ice Magic
 + Level 2.2 Air Magic
 + Level 2.2 Earth Magic
 + Level 2.2 Poison Magic
 + Level 5.5 Invocations
 + Level 2.7 Evocations


You had 11 spell levels left.
You didn't know any spells.
Your spell library was empty.

Dungeon Overview and Level Annotations

Branches:
Dungeon (5/15)             Temple (0/1) D:4

Altars:
Qazlal

Shops:
D:4 (


Innate Abilities, Weirdness & Mutations

Your experience applies equally to all skills.
You have very sharp teeth.
Your uncanny sense of smell can sniff out nearby items.
Armour fits poorly on your strangely shaped body.
You are somewhat resistant to further mutation.


Message History

The worker ant poisons you!
You slash the orc priest!
The orc priest is almost dead.
* * * LOW HITPOINT WARNING * * *
You feel very sick. The scorpion barely misses you.
The worker ant barely misses you.
The orc priest hits you with a +0 dagger.
* * * LOW HITPOINT WARNING * * *
The worker ant bites you but does no damage.
You are too berserk!
You barely miss the orc priest. You bite the orc priest.
You kill the orc priest!
Lugonu accepts your kill.
You can now banish your foes.
* * * LOW HITPOINT WARNING * * *
You feel very sick. The worker ant barely misses you.
The scorpion closely misses you.
The worker ant bites you but does no damage.
You barely miss the worker ant.
The worker ant is almost dead.
You die...

..# .. #
#.#
.#..# #
...$∆ .#
##..##.#
#....B.#
#.s@###
#..B<.#
###...#
.....#
##....#
#..).#
#..!.#
#.#..#
#.....


You could see a scorpion and 2 worker ants.

Vanquished Creatures
  Eustachio (D:4)
  Menkaure (D:4)
  A sky beast (D:4)
  A scorpion (D:4)
  An orc wizard (D:4)
  3 orc priests
  An iguana (D:3)
  2 worker ants (D:4)
  A hound skeleton (D:4)
  7 adders
  A white imp (D:5)
  A worm (D:2)
  A dart slug (D:1)
  3 leopard geckos
  8 orcs
  2 ball pythons
  13 bats
  4 giant cockroaches
  6 goblins
  6 hobgoblins
  5 kobolds
  A quokka (D:4)
  5 frilled lizards
  11 rats
86 creatures vanquished.

Notes
Turn   | Place    | Note
-------+----------+-------------------------------------------
     0 | Abyss:1  | Gargoyl the Gnoll Abyssal Knight began the quest for the
                  | Orb.
     0 | Abyss:1  | Reached XP level 1. HP: 23/23 MP: 3/3
     7 | Abyss:1  | Found a corrupted altar of Lugonu.
    43 | Abyss:2  | Got a crystal scythe
    44 | Abyss:2  | Identified the +6 scythe "Zosox" {speed, *Corrode +Rage
                  | Int+3} (You found it on level 2 of the Abyss)
    46 | Abyss:2  | Noticed a guardian serpent
    49 | D:1      | Escaped the Abyss
   147 | D:1      | Reached XP level 2. HP: 29/29 MP: 5/5
   158 | D:1      | Reached * piety under Lugonu
   646 | D:2      | Reached XP level 3. HP: 35/35 MP: 6/6
  1073 | D:2      | Reached skill level 1 in Short Blades
  1073 | D:2      | Reached skill level 1 in Long Blades
  1073 | D:2      | Reached skill level 1 in Maces & Flails
  1073 | D:2      | Reached skill level 1 in Polearms
  1073 | D:2      | Reached skill level 1 in Staves
  1073 | D:2      | Reached skill level 1 in Slings
  1073 | D:2      | Reached skill level 1 in Bows
  1073 | D:2      | Reached skill level 1 in Crossbows
  1073 | D:2      | Reached skill level 1 in Throwing
  1073 | D:2      | Reached skill level 1 in Stealth
  1073 | D:2      | Reached skill level 1 in Shields
  1073 | D:2      | Reached skill level 1 in Unarmed Combat
  1073 | D:2      | Reached skill level 1 in Spellcasting
  1073 | D:2      | Reached skill level 1 in Evocations
  1219 | D:2      | Reached XP level 4. HP: 37/41 MP: 7/7
  1361 | D:2      | Reached ** piety under Lugonu
  1590 | D:2      | Reached skill level 1 in Conjurations
  1590 | D:2      | Reached skill level 1 in Hexes
  1590 | D:2      | Reached skill level 1 in Summonings
  1590 | D:2      | Reached skill level 1 in Necromancy
  1590 | D:2      | Reached skill level 1 in Translocations
  1590 | D:2      | Reached skill level 1 in Transmutations
  1590 | D:2      | Reached skill level 1 in Fire Magic
  1590 | D:2      | Reached skill level 1 in Ice Magic
  1590 | D:2      | Reached skill level 1 in Air Magic
  1590 | D:2      | Reached skill level 1 in Earth Magic
  1590 | D:2      | Reached skill level 1 in Poison Magic
  2048 | D:3      | Found a stormy altar of Qazlal.
  2050 | D:3      | Noticed an earth elemental
  2050 | D:3      | Noticed an air elemental
  2051 | D:3      | Noticed a water elemental
  2051 | D:3      | Noticed a fire elemental
  2199 | D:3      | Reached XP level 5. HP: 18/47 MP: 8/8
  2204 | D:3      | Gained mutation: You are dopey. (Int -2) [potion of
                  | mutation]
  2204 | D:3      | Gained mutation: You are clumsy. (Dex -2) [potion of
                  | mutation]
  2204 | D:3      | Gained mutation: You are resistant to hostile enchantments.
                  | (MR+) [potion of mutation]
  2205 | D:3      | HP: 2/47 [orc priest/+0 hand axe (1)]
  2729 | D:4      | Found Adyt's Weapon Emporium.
  2753 | D:4      | Noticed a sky beast
  2764 | D:4      | Killed a sky beast
  2764 | D:4      | Reached skill level 5 in Invocations
  2764 | D:4      | Reached XP level 6. HP: 37/53 MP: 9/9
  2874 | D:4      | Reached skill level 5 in Axes
  2874 | D:4      | Reached skill level 5 in Armour
  3060 | D:4      | Noticed Eustachio
  3098 | D:4      | Killed Eustachio
  3098 | D:4      | Reached skill level 7 in Fighting
  3098 | D:4      | Reached XP level 7. HP: 52/60 MP: 9/11
  3200 | D:4      | Noticed Menkaure
  3207 | D:4      | Killed Menkaure
  3225 | D:4      | Lost mutation: You are clumsy. (Dex -2) [potion of
                  | mutation]
  3225 | D:4      | Lost mutation: You are resistant to hostile enchantments.
                  | (MR+) [potion of mutation]
  3225 | D:4      | Lost mutation: You are dopey. (Int -2) [potion of mutation]
  3225 | D:4      | Gained mutation: Armour fits poorly on your strangely
                  | shaped body. [potion of mutation]
  3225 | D:4      | Gained mutation: You are somewhat resistant to further
                  | mutation. [potion of mutation]
  3311 | D:4      | Found a staircase to the Ecumenical Temple.
  3370 | D:5      | Entered Level 5 of the Dungeon
  3381 | D:5      | Reached *** piety under Lugonu
  3381 | D:5      | HP: 2/90 [poisoned by a worker ant]
  3382 | D:5      | Succumbed to a worker ant's poison

Illustrated notes

Levels and vault maps discovered:
D:1:      minmay_arrival_stone_box, layout_rooms, minivault_23
D:2:      minmay_chambers_of_ones, layout_loops_ring
D:3:      layout_rooms, nicolae_qazlal_style_of_elements,
          palyth_stone_intersect, kennysheep_boxes
D:4:      layout_basic, temple_hall, serial_shops, nicolae_shop_stone,
          gammafunk_ghost_necromancy, kennysheep_big_empty_room, uniq_eustachio,
          uniq_menkaure
D:5:      layout_basic, okawaru_trees_1, kennysheep_little_box, serial_shops,
          nicolae_shop_waterfront, nicolae_shop_waterfront, shop,
          nicolae_shop_overgrown_old_shop, minmay_shop_grid_forest,
          bloody_makhleb

Skill      XL: |  1  2  3  4  5  6 |
---------------+-------------------+-----
Short Blades   | 1 2 |  2.7
Long Blades    | 1 2 |  2.7
Maces & Flails | 1 2 |  2.7
Polearms       | 1 2 |  2.7
Staves         | 1 2 |  2.7
Slings         | 1 2 |  2.7
Bows           | 1 2 |  2.7
Crossbows      | 1 2 |  2.7
Throwing       | 1 2 |  2.7
Stealth        | 1 2 |  2.7
Shields        | 1 2 |  2.7
Unarmed Combat | 1 2 |  2.7
Spellcasting   | 1 2 |  2.7
Evocations     | 1 2 |  2.7
Conjurations   | 1 2 |  2.2
Hexes          | 1 2 |  2.2
Summonings     | 1 2 |  2.2
Necromancy     | 1 2 |  2.2
Translocations | 1 2 |  2.2
Transmutations | 1 2 |  2.2
Fire Magic     | 1 2 |  2.2
Ice Magic      | 1 2 |  2.2
Air Magic      | 1 2 |  2.2
Earth Magic    | 1 2 |  2.2
Poison Magic   | 1 2 |  2.2
Dodging        | 3 |  3.8
Invocations    | 5 |  5.5
Axes           | 5 |  5.3
Armour         | 5 |  5.3
Fighting       | 7 |  7.1

Action                   |  1- 3 |  4- 6 |  7- 9 || total
-------------------------+-------+-------+-------++-------
Melee: Scythe            |    69 |   124 |    22 ||   215
       Bite              |     3 |    12 |     3 ||    18
Invok: Depart the Abyss  |     1 |       |       ||     1
  Use: Scroll            |     3 |     3 |       ||     6
       Potion            |       |     4 |     3 ||     7
Armor: Leather armour    |    27 |    10 |       ||    37
       Scale mail        |       |    49 |    10 ||    59
Dodge: Dodged            |    49 |   106 |    27 ||   182

Table legend: (Time is in decaauts)
 A = Elapsed time spent in this place.
 B = Non-inter-level travel time spent in this place.
 C = Inter-level travel time spent in this place.
 D = Time resting spent in this place.
 E = Time spent auto-exploring this place.
 F = Levels seen in this place.
 G = Mean time per level.
                   A        B        C        D        E       F      G
               +--------+--------+--------+--------+--------+-----+--------+
         Total |   3460 |   3319 |    141 |    576 |   1964 |   7 |  494.3 |
       Dungeon |   3412 |   3271 |    141 |    576 |   1948 |   5 |  682.4 |
         Abyss |     48 |     48 |      0 |      0 |     16 |   2 |   24.0 |
               +--------+--------+--------+--------+--------+-----+--------+

Top non-repeatable levels by time:
     D:2: 1349 daAuts
     D:3: 812 daAuts
     D:4: 657 daAuts
     D:1: 580 daAuts
 Abyss:2: 33 daAuts
 Abyss:1: 15 daAuts
     D:5: 13 daAuts
